AoeStats
← bkg45

Nomad

507863435Analyzed
4v4 RM · 12d ago on Sep 20, 2026· 35m 20s· 8 players
Game mode
Random Map
Map size
231×231
Population
200
Speed
Normal
Resources
Standard
Victory
Conquest
Starting age
Dark Age
Ending age
Imperial Age
RankedLock teamsTeams togetherTeam positionsShared explorationLock speedFull tech treeHidden civsTurbo modeCheats
Victory
Defeat
🇻🇳 Dravidians · Vietnam
1405
+14
🇺🇸 Spanish · United States
1301
+19
1263
+20
🇺🇸 Italians · United States
1256
+21
🇨🇳 Byzantines · China
1375
-19
🇨🇴 Khitans · Colombia
1366
-19
🇨🇳 Romans · China
1348
-18
🇵🇪 Spanish · Peru
1347
-18
Cualnick
13:38 Feudal Age
14:39 Town Watch
17:48 Castle Age
16:43 Domestication
18:34 Double-Bit Axe
18:43 Gold Mining
18:42 Loom
21:50 Sanctity
22:27 Wheelbarrow
29:01 Bow Saw
30:40 Hand Cart
lcastillov22
5:15 Loom
13:32 Feudal Age
19:14 Castle Age
18:10 Fishing Lines
19:02 Double-Bit Axe
20:11 Bow Saw
21:03 Wheelbarrow
22:20 Hand Cart
21:48 Horse Collar
22:22 Gillnets
25:16 Town Watch
26:30 Heavy Plow
37:49 Imperial Age
FF熊熊
4:57 Loom
16:29 Feudal Age
16:57 Town Watch
17:03 Double-Bit Axe
23:18 Castle Age
22:19 Gold Mining
22:21 Stone Mining
12014665
7:39 Loom
14:19 Feudal Age
18:37 Castle Age
16:42 Horse Collar
17:19 Double-Bit Axe
20:08 Wheelbarrow
19:56 Bow Saw
31:37 Imperial Age
29:00 Gold Mining
29:59 Hand Cart
30:39 Scale Barding Armor
31:27 Gold Shaft Mining
32:26 Chain Barding Armor
32:17 Forging
31:39 Heavy Camel Rider
32:48 Pikeman
35:12 Plate Barding Armor
Howie
4:50 Loom
12:51 Feudal Age
15:33 Double-Bit Axe
18:40 Castle Age
16:52 Double-Bit Axe
17:11 Stone Mining
17:16 Gold Mining
17:29 Fletching
20:49 Padded Archer Armor
22:13 Town Watch
22:46 Bodkin Arrow
28:54 Ballistics
34:07 Imperial Age
34:34 Wheelbarrow
34:27 Leather Archer Armor
35:20 Bracer
35:51 Ring Archer Armor
FEMALE INCA VILLAGER
5:50 Loom
14:01 Feudal Age
15:03 Double-Bit Axe
15:08 Fishing Lines
18:02 Castle Age
16:23 Horse Collar
19:13 Gillnets
19:47 Bow Saw
19:38 Heavy Plow
20:52 Scale Barding Armor
20:58 Forging
23:37 Wheelbarrow
26:08 Gold Mining
29:07 Imperial Age
27:01 Bloodlines
26:51 Husbandry
27:49 Hand Cart
28:59 Chain Barding Armor
29:14 Iron Casting
29:22 Cavalier
30:29 Conscription
30:31 Fletching
32:27 Paladin
33:41 Bodkin Arrow
bina
9:59 Loom
12:12 Feudal Age
12:40 Double-Bit Axe
16:11 Forging
18:10 Castle Age
16:55 Forging
16:44 Gold Mining
19:05 Medium Warships
20:34 Iron Casting
21:42 Stone Mining
21:55 Scale Mail Armor
22:54 Chain Mail Armor
24:39 Wheelbarrow
24:36 Fishing Lines
24:56 Man-at-Arms
25:22 Gambesons
25:54 Squires
25:40 Arson
25:57 Long Swordsman
26:43 Fletching
26:52 Gillnets
31:03 Imperial Age
31:11 Two-Handed Swordsman
34:45 Bow Saw
34:17 Horse Collar
35:39 Blast Furnace
36:15 Plate Mail Armor
bkg45
5:04 Loom
13:28 Feudal Age
17:19 Castle Age
15:25 Double-Bit Axe
15:22 Horse Collar
17:31 Padded Archer Armor
18:58 Bow Saw
18:49 Heavy Plow
18:41 Fishing Lines
28:22 Leather Archer Armor
29:04 Bloodlines
28:54 Husbandry
29:56 Wheelbarrow
35:53 Imperial Age
Connection lost

Rejoining the realm…

Still unreachable

The connection could not be restored.

Session expired

The server has moved on; the page needs a fresh start.